[ AOE2 MATCH · #504960838 ]
UnrankedChinese vs Mongols
Player's team · WIN
Rival team · LOSS
[ REPLAY ANALYSIS · EXTRACTED FROM THE RECORDED GAME ]
Feudal
8:27
Castle
18:24
Imperial
—
| APM avg | 72.7 |
| APM peak | 130 |
| eAPM avg | 30.7 |
| Villagers / military | 74 / 28 |
Focus
⚔️ 47.8% · 🌾 52.2%
Fire Lancer ×10 · Archer ×7 · Monk ×4 · Skirmisher ×4 · Knight ×1 · Scorpion ×1
Feudal
11:36
Castle
21:39
Imperial
—
| APM avg | 43.2 |
| APM peak | 67 |
| eAPM avg | 23.4 |
| Villagers / military | 62 / 40 |
Focus
⚔️ 34.7% · 🌾 65.3%
Cavalry Archer ×13 · Skirmisher ×10 · Spearman ×5 · Camel Scout ×4 · Militia ×3 · Monk ×2
Match map
Initial resources + every placement click. Lines = walls · curves = elevation contours. ◆ gold · ⬟ stone · ● berries · ✦ relic · ◌ wall gap
Your base· Open — unwalled flank
elbanovic's base· ✓ Closed at 21:39 · 35t walls · 1 gate(s)
Smoothed initial terrain · ◌ = detected wall gap · hover for details
Inputs per minute
— CN_Dauh - - elbanovic
Build order — CN_Dauh
First 150 of 199 actions detected
| 0:00 | Research | Loom |
| 0:44 | Queue | Villager (Male) |
| 1:12 | Queue | Villager (Male) |
| 1:37 | Queue | Villager (Male) |
| 2:03 | Queue | Villager (Male) |
| 2:21 | Build | Lumber Camp |
| 2:25 | Queue | Villager (Male) |
| 2:26 | Queue | Villager (Male) |
| 2:44 | Queue | Villager (Male) |
| 3:04 | Queue | Villager (Male) |
| 3:07 | Queue | Villager (Male) |
| 3:32 | Build | House |
| 3:40 | Queue | Villager (Male) |
| 4:02 | Queue | Villager (Male) |
| 4:14 | Queue | Villager (Male) |
| 4:56 | Build | Mill |
| 5:08 | Queue | Villager (Male) |
| 5:16 | Queue | Villager (Male) |
| 6:17 | Research | Feudal Age |
| 7:01 | Build | House |
| 7:01 | Build | Palisade Wall |
| 7:24 | Build | Barracks |
| 7:27 | Queue | Villager (Male) |
| 7:53 | Build | House |
| 7:54 | Build | Palisade Wall |
| 7:56 | Build | Palisade Wall |
| 7:57 | Build | Palisade Wall |
| 7:59 | Build | Palisade Wall |
| 8:02 | Build | Palisade Wall |
| 8:03 | Build | Palisade Wall |
| 8:06 | Build | Palisade Wall |
| 8:23 | Queue | Villager (Male) |
| 8:27 | Age | Feudal Age |
| 8:50 | Build | Archery Range |
| 8:58 | Build | Palisade Wall |
| 9:02 | Queue | Villager (Male) |
| 9:03 | Research | Double-Bit Axe |
| 9:14 | Queue | Villager (Male) |
| 9:41 | Queue | Villager (Male) |
| 9:43 | Queue | Archer |
| 9:46 | Build | Farm |
| 10:08 | Build | Mining Camp |
| 10:24 | Queue | Villager (Male) |
| 10:29 | Build | House |
| 10:40 | Queue | Villager (Male) |
| 10:41 | Queue | Archer |
| 11:01 | Build | Mill |
| 11:03 | Build | Farm |
| 11:12 | Queue | Archer |
| 11:13 | Queue | Villager (Male) |
| 11:20 | Build | Farm |
| 11:27 | Build | Farm |
| 11:37 | Queue | Villager (Male) |
| 11:55 | Queue | Archer |
| 11:59 | Build | Farm |
| 12:05 | Build | Farm |
| 12:16 | Queue | Villager (Male) |
| 12:19 | Build | Farm |
| 12:35 | Queue | Villager (Male) |
| 12:39 | Research | Horse Collar |
| 12:50 | Build | House |
| 12:57 | Queue | Villager (Male) |
| 13:03 | Queue | Archer |
| 13:10 | Build | House |
| 13:11 | Build | Palisade Wall |
| 13:13 | Build | Palisade Wall |
| 13:14 | Build | Palisade Wall |
| 13:24 | Build | Farm |
| 13:31 | Queue | Villager (Male) |
| 13:47 | Build | House |
| 13:50 | Build | House |
| 13:53 | Queue | Villager (Male) |
| 13:54 | Queue | Archer |
| 14:19 | Build | Blacksmith |
| 14:29 | Queue | Villager (Male) |
| 14:42 | Build | Palisade Wall |
| 14:44 | Build | Palisade Wall |
| 14:48 | Queue | Villager (Male) |
| 14:54 | Build | Farm |
| 15:02 | Build | Farm |
| 15:11 | Build | House |
| 15:39 | Build | Lumber Camp |
| 15:44 | Research | Castle Age |
| 15:53 | Build | Palisade Wall |
| 15:53 | Build | Palisade Wall |
| 16:20 | Build | Stable |
| 16:33 | Build | Farm |
| 17:01 | Queue | Villager (Male) |
| 17:04 | Build | Farm |
| 17:08 | Queue | Archer |
| 17:15 | Queue | Scout Cavalry |
| 17:40 | Queue | Skirmisher |
| 17:41 | Research | Fletching |
| 17:43 | Build | Farm |
| 17:50 | Build | Palisade Wall |
| 17:51 | Build | Palisade Wall |
| 18:24 | Age | Castle Age |
| 18:26 | Queue | Villager (Male) |
| 18:37 | Queue | Villager (Male) |
| 18:38 | Queue | Knight |
| 18:42 | Build | Town Center |
| 18:45 | Build | House |
| 18:51 | Build | Farm |
| 19:02 | Research | Wheelbarrow |
| 19:04 | Research | Bow Saw |
| 19:33 | Queue | Villager (Male) |
| 19:40 | Queue | Skirmisher |
| 19:40 | Queue | Skirmisher |
| 19:41 | Queue | Skirmisher |
| 20:15 | Queue | Villager (Male) |
| 20:18 | Queue | Villager (Male) |
| 20:22 | Queue | Villager (Male) |
| 20:38 | Build | Town Center |
| 20:40 | Build | Lumber Camp |
| 20:52 | Research | Bodkin Arrow |
| 20:57 | Queue | Villager (Male) |
| 20:58 | Queue | Villager (Male) |
| 21:28 | Queue | Villager (Male) |
| 21:50 | Queue | Villager (Male) |
| 21:51 | Queue | Villager (Male) |
| 21:57 | Build | Siege Workshop |
| 22:01 | Queue | Villager (Male) |
| 22:04 | Queue | Villager (Male) |
| 22:06 | Queue | Villager (Male) |
| 22:22 | Queue | Villager (Male) |
| 22:29 | Research | Elite Skirmisher (upgrade) |
| 22:32 | Queue | Villager (Male) |
| 22:36 | Queue | Villager (Male) |
| 22:39 | Queue | Scorpion |
| 22:51 | Queue | Villager (Male) |
| 23:18 | Queue | Villager (Male) |
| 23:18 | Queue | Villager (Male) |
| 23:19 | Queue | Villager (Male) |
| 23:37 | Queue | Villager (Male) |
| 23:37 | Queue | Villager (Male) |
| 23:38 | Queue | Villager (Male) |
| 23:45 | Build | University |
| 23:51 | Build | Farm |
| 23:52 | Build | Farm |
| 23:52 | Build | Farm |
| 23:52 | Build | Farm |
| 23:52 | Build | Farm |
| 23:52 | Build | Farm |
| 23:53 | Build | Farm |
| 23:53 | Build | Farm |
| 23:53 | Build | Farm |
| 23:53 | Build | Farm |
| 23:53 | Build | Farm |
| 23:54 | Build | Farm |
| 23:54 | Build | Farm |
Build order — elbanovic
First 150 of 182 actions detected
| 0:00 | Queue | Villager (Male) |
| 0:01 | Queue | Villager (Male) |
| 0:01 | Queue | Villager (Male) |
| 0:01 | Queue | Villager (Male) |
| 0:02 | Queue | Villager (Male) |
| 0:02 | Build | House |
| 0:03 | Build | House |
| 1:35 | Queue | Villager (Male) |
| 1:57 | Build | Lumber Camp |
| 2:16 | Queue | Villager (Male) |
| 2:28 | Queue | Villager (Male) |
| 2:58 | Queue | Villager (Male) |
| 2:59 | Queue | Villager (Male) |
| 2:59 | Queue | Villager (Male) |
| 3:34 | Queue | Villager (Male) |
| 3:40 | Queue | Villager (Male) |
| 4:00 | Build | House |
| 4:23 | Queue | Villager (Male) |
| 4:32 | Queue | Villager (Male) |
| 4:40 | Build | Barracks |
| 4:42 | Build | Palisade Wall |
| 5:08 | Build | House |
| 5:11 | Queue | Villager (Male) |
| 5:32 | Queue | Militia |
| 5:32 | Queue | Militia |
| 5:36 | Queue | Villager (Male) |
| 6:05 | Queue | Villager (Male) |
| 6:05 | Queue | Militia |
| 6:10 | Build | Palisade Wall |
| 6:10 | Build | Palisade Wall |
| 6:11 | Build | Palisade Wall |
| 6:12 | Build | Palisade Wall |
| 6:17 | Build | Mill |
| 6:38 | Queue | Villager (Male) |
| 6:44 | Build | House |
| 6:56 | Queue | Villager (Male) |
| 7:21 | Queue | Villager (Male) |
| 7:37 | Build | Palisade Wall |
| 7:43 | Queue | Villager (Male) |
| 7:48 | Build | Palisade Wall |
| 8:01 | Queue | Villager (Male) |
| 8:42 | Queue | Villager (Male) |
| 9:01 | Research | Loom |
| 9:08 | Research | Feudal Age |
| 10:13 | Build | Palisade Wall |
| 10:21 | Build | Lumber Camp |
| 10:23 | Build | House |
| 10:23 | Build | House |
| 10:37 | Queue | Villager (Male) |
| 11:17 | Build | House |
| 11:36 | Age | Feudal Age |
| 11:38 | Build | Archery Range |
| 11:41 | Research | Double-Bit Axe |
| 11:42 | Research | Horse Collar |
| 11:42 | Queue | Villager (Male) |
| 11:53 | Build | Farm |
| 11:54 | Build | Farm |
| 12:07 | Queue | Villager (Male) |
| 12:16 | Build | Farm |
| 12:17 | Queue | Skirmisher |
| 12:20 | Queue | Villager (Male) |
| 12:26 | Queue | Skirmisher |
| 12:31 | Build | Farm |
| 12:35 | Build | Farm |
| 12:46 | Queue | Villager (Male) |
| 12:48 | Build | Farm |
| 12:51 | Build | Farm |
| 12:53 | Queue | Skirmisher |
| 13:01 | Build | Farm |
| 13:13 | Queue | Villager (Male) |
| 13:16 | Build | Farm |
| 13:19 | Build | House |
| 13:35 | Queue | Skirmisher |
| 13:35 | Queue | Villager (Male) |
| 13:46 | Build | Blacksmith |
| 13:47 | Queue | Villager (Male) |
| 13:58 | Queue | Villager (Male) |
| 14:06 | Build | Mining Camp |
| 14:09 | Build | Farm |
| 14:14 | Queue | Villager (Male) |
| 14:16 | Queue | Skirmisher |
| 14:39 | Research | Padded Archer Armor |
| 14:48 | Build | Farm |
| 15:02 | Queue | Villager (Male) |
| 15:05 | Build | Farm |
| 15:07 | Build | House |
| 15:12 | Queue | Skirmisher |
| 15:14 | Research | Fletching |
| 15:17 | Queue | Spearman |
| 15:25 | Queue | Villager (Male) |
| 15:34 | Queue | Skirmisher |
| 15:37 | Queue | Spearman |
| 15:37 | Queue | Villager (Male) |
| 15:39 | Build | House |
| 15:43 | Build | Palisade Wall |
| 15:58 | Queue | Skirmisher |
| 15:58 | Queue | Villager (Male) |
| 16:01 | Build | Farm |
| 16:12 | Queue | Spearman |
| 16:15 | Queue | Villager (Male) |
| 16:21 | Build | House |
| 16:22 | Build | Farm |
| 16:23 | Queue | Villager (Male) |
| 16:27 | Build | Farm |
| 16:29 | Queue | Skirmisher |
| 16:32 | Queue | Spearman |
| 16:39 | Queue | Villager (Male) |
| 16:53 | Build | Farm |
| 16:59 | Build | Farm |
| 17:00 | Queue | Villager (Male) |
| 17:02 | Build | House |
| 17:07 | Queue | Villager (Male) |
| 17:20 | Queue | Skirmisher |
| 17:20 | Queue | Spearman |
| 17:21 | Queue | Villager (Male) |
| 17:28 | Queue | Villager (Male) |
| 17:34 | Build | Farm |
| 17:40 | Queue | Villager (Male) |
| 17:45 | Build | Farm |
| 18:07 | Queue | Villager (Male) |
| 18:12 | Build | Market |
| 18:30 | Build | Palisade Wall |
| 18:34 | Build | Palisade Gate |
| 18:59 | Research | Castle Age |
| 19:11 | Build | House |
| 19:20 | Build | Archery Range |
| 19:24 | Build | Palisade Wall |
| 19:28 | Research | Gold Mining |
| 20:07 | Build | Mining Camp |
| 20:13 | Build | House |
| 20:31 | Queue | Villager (Male) |
| 20:57 | Build | Stable |
| 21:04 | Build | House |
| 21:39 | Age | Castle Age |
| 21:43 | Queue | Cavalry Archer |
| 21:44 | Queue | Camel Scout |
| 21:48 | Research | Bodkin Arrow |
| 21:50 | Queue | Camel Scout |
| 21:50 | Queue | Cavalry Archer |
| 21:58 | Research | Bow Saw |
| 21:58 | Research | Bow Saw |
| 22:07 | Queue | Camel Scout |
| 22:09 | Queue | Villager (Male) |
| 22:28 | Build | House |
| 22:29 | Queue | Cavalry Archer |
| 22:32 | Build | Gate |
| 22:36 | Queue | Camel Scout |
| 23:11 | Build | Palisade Wall |
| 23:25 | Queue | Villager (Male) |
| 23:28 | Queue | Villager (Male) |
Match timeline
| 4:40 | elbanovic · first_building Barracks |
| 4:42 | elbanovic · wall_segment Palisade Wall x1 |
| 6:10 | elbanovic · wall_segment Palisade Wall x1 |
| 6:10 | elbanovic · wall_segment Palisade Wall x1 |
| 6:11 | elbanovic · wall_segment Palisade Wall x1 |
| 6:12 | elbanovic · wall_segment Palisade Wall x1 |
| 7:01 | CN_Dauh · wall_segment Palisade Wall x1 |
| 7:24 | CN_Dauh · first_building Barracks |
| 7:37 | elbanovic · wall_segment Palisade Wall x15 |
| 7:48 | elbanovic · wall_segment Palisade Wall x8 |
| 7:54 | CN_Dauh · wall_segment Palisade Wall x1 |
| 7:56 | CN_Dauh · wall_segment Palisade Wall x1 |
| 7:57 | CN_Dauh · wall_segment Palisade Wall x1 |
| 7:59 | CN_Dauh · wall_segment Palisade Wall x1 |
| 8:02 | CN_Dauh · wall_segment Palisade Wall x1 |
| 8:03 | CN_Dauh · wall_segment Palisade Wall x1 |
| 8:06 | CN_Dauh · wall_segment Palisade Wall x1 |
| 8:27 | CN_Dauh · age_up feudal |
| 8:50 | CN_Dauh · first_building Archery Range |
| 8:58 | CN_Dauh · wall_segment Palisade Wall x2 |
| 10:13 | elbanovic · wall_segment Palisade Wall x4 |
| 11:36 | elbanovic · age_up feudal |
| 11:38 | elbanovic · first_building Archery Range |
| 13:11 | CN_Dauh · wall_segment Palisade Wall x4 |
| 13:13 | CN_Dauh · wall_segment Palisade Wall x3 |
| 13:14 | CN_Dauh · wall_segment Palisade Wall x3 |
| 14:42 | CN_Dauh · wall_segment Palisade Wall x4 |
| 14:44 | CN_Dauh · wall_segment Palisade Wall x3 |
| 15:43 | elbanovic · wall_segment Palisade Wall x1 |
| 15:53 | CN_Dauh · wall_segment Palisade Wall x1 |
| 15:53 | CN_Dauh · wall_segment Palisade Wall x1 |
| 16:20 | CN_Dauh · first_building Stable |
| 17:50 | CN_Dauh · wall_segment Palisade Wall x1 |
| 17:51 | CN_Dauh · wall_segment Palisade Wall x1 |
| 18:24 | CN_Dauh · age_up castle |
| 18:30 | elbanovic · wall_segment Palisade Wall x1 |
| 19:24 | elbanovic · wall_segment Palisade Wall x1 |
| 20:57 | elbanovic · first_building Stable |
| 21:39 | elbanovic · age_up castle |
| 21:57 | CN_Dauh · first_building Siege Workshop |
| 23:11 | elbanovic · wall_segment Palisade Wall x1 |
| 24:02 | CN_Dauh · first_building Monastery |
| 24:17 | elbanovic · first_building Monastery |
| 25:14 | elbanovic · first_building Siege Workshop |
| 26:02 | elbanovic · first_market_sell 100 food |
| 26:03 | elbanovic · first_market_buy 100 wood |
| 26:13 | CN_Dauh · first_market_sell 100 food |
| 26:13 | CN_Dauh · first_market_buy 100 stone |
| 26:16 | CN_Dauh · first_building Castle |
| 27:03 | elbanovic · resign |
[ AI ANALYSIS · 1 CREDIT ]
What really happened in this match?
Wolo.gg analyzes every decision: build order, eco, micro, common mistakes by bracket. Personalized analysis on WhatsApp or Discord in 30 seconds.
Civ guide
Chinese
Perfil
Jugador #1782455